Map: Orbital Shipyard

Players

HolyHit - Winner!

  • Race: Protoss Protoss
  • League: Master

Kratoss

  • Race: Zerg Zerg
  • League: Master

Event: Gauntlet LotV Series 1 Qualifier 1

VOD

Have the link to the VOD?

Description

Time

  • Played on: Nov. 22, 2015, 4:30 p.m.
  • Length: 13:36

All games in this series

Show
View Real Time Build Order
Export as new Build Order

HolyHit Protoss - Winner!

Build Orders: Nexus First 

Get SALT Encoding   

  12  0:00  Probe (Chrono Boost)  
  13  0:11  Probe (Chrono Boost)  
  14  0:20  Pylon  
  14  0:22  Probe (Chrono Boost)  
  15  0:38  Probe (Chrono Boost)  
  16  0:49  Probe (Chrono Boost)  
  17  0:57  Nexus  
  17  1:08  Gateway  
  18  1:11  Probe (Chrono Boost)  
  18  1:15  Assimilator  
  18  1:21  Probe (Chrono Boost)  
  18  1:25  Assimilator  
  19  1:32  Probe (Chrono Boost)  
  20  1:38  Gateway  
  20  1:43  Probe (Chrono Boost)  
  21  1:53  Probe (Chrono Boost)  
  22  1:57  Cybernetics Core  
  22  2:04  Probe (Chrono Boost)  
  23  2:10  Probe (Chrono Boost)  
  23  2:14  Probe (Chrono Boost)  
  25  2:21  Probe (Chrono Boost)  
  26  2:25  Probe (Chrono Boost)  
  27  2:31  Probe (Chrono Boost)  
  27  2:34  Adept x2 (Chrono Boost)  
  27  2:35  Probe, Warp Gate  
  33  2:43  Probe  
  34  2:47  Mothership Core  
  34  2:48  Pylon  
  35  2:55  Probe  
  36  2:59  Stalker (Chrono Boost)  
  38  3:06  Adept (Chrono Boost)  
  38  3:07  Probe  
  38  3:09  Probe  
  38  3:11  Assimilator  
  42  3:20  Probe  
  42  3:26  Probe  
  44  3:33  Probe  
  45  3:38  Probe  
  46  3:50  Pylon  
  46  3:55  Probe x2  
  46  3:58  Assimilator  
  44  4:04  Stargate  
  44  4:07  Probe x2, Forge  
  46  4:17  Nexus, Pylon  
  46  4:19  Probe x2  
  48  4:25  Pylon  
  48  4:27  Protoss Ground Weapons Level 1  
  49  4:31  Probe x2  
  50  4:40  Sentry x2  
  50  4:41  Photon Cannon  
  50  4:43  Gateway, Probe  
  50  4:44  Gateway  
  55  4:46  Probe  
  55  4:52  Pylon  
  56  4:54  Oracle (Chrono Boost)  
  56  4:57  Probe  
  59  5:00  Sentry x2  
  59  5:02  Probe  
  64  5:09  Probe  
  65  5:14  Probe  
  65  5:17  Assimilator  
  66  5:21  Probe, Robotics Facility  
  66  5:26  Sentry x2, Gateway, Probe  
  66  5:27  Probe  
  72  5:33  Probe  
  74  5:37  Probe  
  74  5:38  Probe  
  76  5:45  Probe  
  77  5:50  Probe  
  77  5:51  Probe  
  77  5:54  Gateway  
  77  5:55  Gateway  
  79  5:58  Probe  
  79  6:03  Probe  
  81  6:07  Sentry  
  81  6:08  Sentry x3  
  89  6:12  Warp Prism (Chrono Boost)  
  89  6:13  Probe  
  89  6:14  Probe, Robotics Bay  
  93  6:19  Assimilator  
  93  6:27  Pylon  
  93  6:30  Stargate  
  93  6:38  Stargate  
  93  6:45  Probe x2  
  95  6:49  Void Ray (Chrono Boost)  
  95  6:50  Protoss Air Weapons Level 1  
  99  7:02  Nexus  
  99  7:06  Assimilator  
  99  7:11  Adept, Assimilator  
  99  7:14  Pylon  
  101  7:17  Pylon x2  
  101  7:24  Pylon  
  101  7:26  Pylon  
  101  7:32  Disruptor  
  101  7:35  Fleet Beacon, Void Ray (Chrono Boost)  
  108  7:37  Void Ray (Chrono Boost)  
  108  7:39  Adept  
  108  7:40  Adept  
  108  7:41  Adept  
  118  7:50  Photon Cannon  
  118  7:52  Gateway x2  
  122  8:05  Probe  
  123  8:17  Photon Cannon  
  123  8:18  Photon Cannon  
  123  8:24  Void Ray (Chrono Boost)  
  123  8:25  Carrier x2 (Chrono Boost)  
  135  8:30  Probe  
  136  8:37  Graviton Catapult  
  136  8:39  Probe x2  
  138  8:51  Disruptor  
  138  8:53  Adept x4  
  138  8:54  Adept x2  
  153  9:11  Photon Cannon x2  
  153  9:13  Photon Cannon  
  153  9:15  Photon Cannon  
  153  9:16  Pylon  
  153  9:23  Carrier (Chrono Boost)  
  153  9:24  Protoss Air Weapons Level 2 (Chrono Boost)  
  153  9:27  Twilight Council  
  153  9:28  Gateway  
  153  9:33  Pylon  
  153  9:35  Photon Cannon  
  153  9:36  Pylon  
  159  9:38  Photon Cannon  
  159  9:39  Carrier x2  
  171  10:02  Pylon x2  
  171  10:05  Photon Cannon  
  171  10:11  Photon Cannon  
  171  10:14  Zealot x2  
  171  10:15  Zealot, Photon Cannon  
  171  10:34  Templar Archives  
  167  10:37  Carrier  
  167  10:45  Adept x4  
  167  10:46  Adept x2  
  167  10:49  Adept  
  187  10:59  Carrier, Photon Cannon  
  187  11:03  Observer  
  188  11:10  Phoenix x3  
  194  11:36  Nexus  
  194  11:40  Adept  
  194  11:41  Carrier  
  194  11:57  Probe x4  
  165  12:06  Photon Cannon  
  165  12:07  Adept  
  165  12:09  Probe  
  165  12:10  Photon Cannon  
  165  12:13  Photon Cannon  
  165  12:14  Probe  
  167  12:17  Photon Cannon  
  167  12:21  High Templar x5  
  167  12:22  High Templar x2  
  181  12:26  Archon  
  181  12:27  Archon x2  
  181  12:33  Pylon  
  181  12:36  Pylon  
  181  12:38  Probe  
  182  12:45  Pylon  
  182  12:48  Observer, Pylon  
Show
View Real Time Build Order
Export as new Build Order

Kratoss Zerg 

Build Orders: Hatch First, Lurkers 

Get SALT Encoding   

  12  0:01  Drone  
  13  0:13  Overlord  
  13  0:17  Drone  
  14  0:31  Drone x2  
  14  0:35  Drone  
  17  0:54  Hatchery  
  17  0:56  Drone  
  17  0:59  Drone  
  17  1:01  Extractor  
  17  1:15  Spawning Pool  
  17  1:18  Drone  
  17  1:24  Drone  
  18  1:29  Drone  
  19  1:40  Overlord  
  19  1:51  Drone  
  20  2:03  Drone, Queen  
  20  2:05  Queen  
  20  2:06  Drone  
  26  2:10  Metabolic Boost  
  26  2:14  Zergling x2  
  27  2:17  Drone  
  27  2:22  Drone  
  29  2:35  Drone x2  
  31  2:39  Queen  
  33  2:52  Drone  
  33  2:53  Lair, Drone x2  
  33  2:57  Overlord  
  36  3:00  Overlord  
  36  3:20  Drone x4  
  36  3:23  Drone  
  40  3:35  Hatchery, Zergling x4  
  40  3:36  Zergling x4  
  37  3:55  Drone  
  37  3:56  Drone x2  
  37  3:57  Drone x3  
  37  4:00  Drone  
  37  4:02  Hydralisk Den  
  41  4:05  Overlord  
  41  4:15  Drone x2  
  43  4:23  Overlord x3  
  43  4:25  Drone x2  
  43  4:26  Drone x2  
  43  4:28  Drone  
  48  4:33  Lurker Den  
  48  4:35  Drone  
  49  4:45  Drone  
  50  4:46  Drone, Extractor x2  
  50  4:51  Queen  
  51  4:56  Drone x2  
  51  4:57  Drone  
  51  4:58  Drone x3  
  57  5:02  Hydralisk x2  
  57  5:05  Overlord  
  61  5:09  Drone x2  
  61  5:10  Drone  
  63  5:14  Hydralisk  
  65  5:23  Hydralisk  
  65  5:24  Zergling x4  
  65  5:25  Zergling x4  
  71  5:30  Extractor  
  71  5:32  Evolution Chamber  
  71  5:35  Evolution Chamber, Hydralisk x2  
  68  5:36  Zergling x4  
  68  5:39  Drone  
  75  5:45  Overlord  
  75  5:55  Drone  
  75  5:56  Drone x6  
  82  5:58  Overlord x2  
  82  5:59  Overlord, Extractor  
  82  6:00  Extractor  
  78  6:10  Spore Crawler  
  76  6:11  Drone, Spore Crawler  
  76  6:12  Drone x2  
  76  6:15  Drone  
  76  6:16  Drone  
  80  6:27  Lurker x4  
  84  6:33  Spore Crawler, Drone x3  
  84  6:34  Drone x4  
  84  6:36  Drone  
  84  6:37  Drone  
  92  6:49  Zerg Ground Armor Level 1  
  92  6:54  Zerg Melee Weapons Level 1  
  92  6:56  Overlord x2  
  92  6:59  Drone x3  
  92  7:00  Zergling x6  
  98  7:02  Zergling x2  
  98  7:03  Zergling x10  
  104  7:10  Hydralisk  
  104  7:12  Overlord x2  
  104  7:13  Overlord  
  106  7:24  Drone  
  106  7:28  Spore Crawler  
  106  7:33  Drone  
  106  7:35  Drone x12, Infestation Pit  
  118  7:39  Lurker x2  
  118  7:41  Overlord x2  
  120  7:44  Overseer  
  120  7:46  Pneumatized Carapace  
  120  7:57  Lurker  
  121  8:08  Overlord  
  121  8:09  Zergling x18  
  121  8:10  Zergling x8  
  134  8:19  Drone x3  
  133  8:26  Spore Crawler  
  132  8:27  Spore Crawler  
  132  8:28  Spore Crawler, Drone x4  
  132  8:29  Spine Crawler  
  132  8:30  Spine Crawler  
  132  8:31  Hatchery, Spine Crawler  
  130  8:55  Hive  
  130  8:58  Overlord  
  130  8:59  Overlord  
  130  9:00  Overlord  
  130  9:12  Zerg Melee Weapons Level 2  
  130  9:13  Zerg Ground Armor Level 2  
  130  9:15  Pathogen Glands, Zergling x14  
  130  9:16  Zergling x2  
  130  9:17  Zergling x6  
  137  9:48  Drone x2  
  137  9:49  Drone x6  
  142  10:09  Drone, Ultralisk Cavern  
  142  10:10  Adrenal Glands  
  142  10:11  Zergling x8  
  142  10:12  Zergling x10  
  142  10:13  Overlord x2  
  151  10:27  Queen  
  143  10:48  Drone x2  
  139  10:50  Spire  
  139  10:54  Viper x5  
  144  10:59  Drone x2  
  144  11:00  Drone x3  
  144  11:01  Drone  
  150  11:05  Extractor  
  150  11:06  Extractor  
  148  11:17  Hatchery  
  137  11:31  Drone x2  
  137  11:32  Drone  
  140  11:34  Drone x3  
  121  12:02  Corruptor x9  
  133  12:13  Extractor  
  132  12:17  Queen x2  
  132  12:18  Hatchery, Corruptor x2  
  132  12:19  Corruptor x2  
  132  12:20  Hatchery  
  144  12:45  Corruptor  
  144  12:47  Corruptor  
  144  12:49  Zergling x28  
  165  12:52  Zergling x2  
  165  12:53  Queen  
  169  13:01  Zergling x4  
  165  13:07  Zergling x4  
Tags
 
Add a new tag
Caveats
  • Supply blocks, unpowered buildings, or Contaminate may cause inaccurate times.
  • Supply counts are checked every 10 seconds.